 Dungeon Crawl Stone Soup version 0.24-a0-580-g6a6c3f83c1 (webtiles) character file.

Game seed: 15481073590428073434

1507 Flugkiller the Chiller (level 8, -3/58 HPs)
             Began as a Demonspawn Ice Elementalist on Aug 21, 2019.
             Was an Initiate of Cheibriados.
             Slain by a sky beast (5 damage)
             ... on level 6 of the Dungeon.
             The game lasted 00:12:45 (8761 turns).

Flugkiller the Chiller (DsIE)                       Turns: 8761, Time: 00:12:45

Health: -3/58      AC:  3    Str: 10    XL:     8   Next: 52%
Magic:  2/14       EV: 17    Int: 20    God:    Cheibriados [......]
Gold:   211        SH:  0    Dex: 19    Spells: 5/15 levels left

rFire    . . .     SeeInvis .   k - +1 falchion
rCold    . . .     Gourm    .   (no shield)
rNeg     . . .     Faith    +   a - +0 robe
rPois    .         Spirit   .   (helmet restricted)
rElec    .         Reflect  .   (no cloak)
rCorr    .         Harm     .   (no gloves)
MR       .....                  p - +0 pair of boots
Stlth    +++.......             w - amulet of faith
HPRegen  0.19/turn              (no ring)
MPRegen  0.14/turn              (no ring)

@: agile, very slightly contaminated, very slow
A: antennae 1, powered by pain 2
a: Bend Time, Renounce Religion


You were on level 6 of the Dungeon.
You worshipped Cheibriados.
Cheibriados was noncommittal.
You were not hungry.

You visited 2 branches of the dungeon, and saw 7 of its levels.
You also visited: Sewer.

You collected 211 gold pieces.

Inventory:

Hand Weapons
 k - a +1 falchion (weapon)
   (You found it on level 3 of the Dungeon)
Missiles
 g - 126 stones
 m - 23 poisoned darts (quivered)
 q - 4 atropa-tipped darts
Armour
 a - a +0 robe (worn)
 p - a +0 pair of boots (worn)
   (You found it on level 3 of the Dungeon)
 u - a +0 shield
   (You found it on level 5 of the Dungeon)
Jewellery
 f - a cursed ring of teleportation {unknown}
   (You found it on level 3 of the Dungeon)
 w - an amulet of faith (around neck)
   (You found it on level 5 of the Dungeon)
Wands
 y - a wand of disintegration (8)
   (You took it off a crimson imp on level 6 of the Dungeon)
Scrolls
 e - a scroll of immolation
 h - a scroll of fog
 i - a scroll of amnesia {unknown}
 j - 2 scrolls of enchant weapon
 l - 2 scrolls of teleportation
 o - a scroll of remove curse {unknown}
 t - a scroll of brand weapon {unknown}
 v - a scroll of fear {unknown}
Potions
 b - a potion of curing
 d - 2 potions of magic
 n - 2 potions of brilliance
 r - 2 potions of might
 s - 2 potions of flight
Comestibles
 c - 2 rations


   Skills:
 + Level 3.1 Fighting
 - Level 1.7 Dodging
 - Level 1.7 Stealth
 - Level 4.0 Spellcasting
 - Level 5.1 Conjurations
 + Level 7.3 Ice Magic
 - Level 3.1 Invocations


You had 5 spell levels left.
You knew the following spells:

 Your Spells              Type           Power        Failure   Level  Hunger
a - Freeze                Ice            ####         1%          1    None
b - Throw Frost           Conj/Ice       ####..       1%          2    #......
c - Ozocubu's Armour      Chrm/Ice       ###.....     9%          3    ###....
d - Throw Icicle          Conj/Ice       ####....     10%         4    ####...

Your spell library contained the following spells:

 Spells                   Type           Power        Failure   Level  Hunger
 Magic Dart               Conj           ###.         1%          1    None
 Searing Ray              Conj           ###...       2%          2    #......
 Beastly Appendage        Tmut           #.....       13%         1    None
 Dazzling Spray           Conj/Hex       ##....       14%         3    ###....
 Iskenderun's Mystic Bla  Conj           ###.....     16%         4    ####...
 Sticks to Snakes         Tmut           #.......     19%         2    #......
 Ice Form                 Ice/Tmut       ###.....     28%         4    ####...
 Summon Ice Beast         Ice/Summ       ###.....     28%         4    ####...
 Spider Form              Tmut/Pois      #.........   36%         3    ###....
 Force Lance              Conj/Tloc      ##......     41%         4    ####...
 Fulminant Prism          Conj/Hex       ##........   41%         4    ####...
 Blade Hands              Tmut           #.........   98%         5    ######.


Dungeon Overview and Level Annotations

Branches:
Dungeon (6/15)             Temple (1/1) D:5           Sewer (visited)

Altars:
Cheibriados
Elyvilon
Nemelex Xobeh
Qazlal
Ru
Sif Muna
Trog
Uskayaw
Vehumet
Xom
Yredelemnul
Zin

Annotations:
D:3 Grinder


Innate Abilities, Weirdness & Mutations

You have a pair of small antennae on your head.
You sometimes gain power by taking damage.


Message History

Press: ? - help, Shift-Dir - straight line You freeze something!
Something hits you. Something shocks you.
Unknown command.
Casting: Freeze (safe; 1% risk of failure)
Confirm with . or Enter, or press ? or * to list all spells.
Aiming: Freeze (safe; 1% risk of failure)
Press: ? - help, Shift-Dir - straight line You freeze something!
Something hits you. Something shocks you.
* * * LOW HITPOINT WARNING * * *
Unknown command.
Casting: Freeze (safe; 1% risk of failure)
Confirm with . or Enter, or press ? or * to list all spells.
Aiming: Freeze (safe; 1% risk of failure)
Press: ? - help, Shift-Dir - straight line You miscast Freeze.
You are very lightly contaminated with residual magic.
A chill runs through your body. Something hits you.
* * * LOW HITPOINT WARNING * * *
Something shocks you.
* * * LOW HITPOINT WARNING * * *
Unknown command.
Casting: Freeze (safe; 1% risk of failure)
Confirm with . or Enter, or press ? or * to list all spells.
Aiming: Freeze (safe; 1% risk of failure)
Press: ? - help, Shift-Dir - straight line You freeze something.
Something hits you.
* * * LOW HITPOINT WARNING * * *
Something shocks you.
* * * LOW HITPOINT WARNING * * *
Unknown command.
Okay, then.
It was a potion of agility.
You feel agile all of a sudden. Something hits you.
* * * LOW HITPOINT WARNING * * *
Something shocks you.
* * * LOW HITPOINT WARNING * * *
Casting: Freeze (safe; 1% risk of failure)
Confirm with . or Enter, or press ? or * to list all spells.
Aiming: Freeze (safe; 1% risk of failure)
Press: ? - help, Shift-Dir - straight line You freeze something.
Something hits you.
You die...

#.#..........##.#.###.....#
#.......#.....#.#.........# #
#.....#.#.##...............
.#.#.#..##.#.##..#.#####.##...
........##.#.##..#.#####.##..#
...........#.##..#...........#
...#.#..#..#.##..#............
.. #.......#.##..#..........#.
. .###.=....{@................
.......##..#.###.#.#####[##.#.
...........#.# #.#.# ......
...........#.###.#.########...
..............................
.#####..#....###.#.########.##
#.........##..............
#.........##.#.###########
#..........#.#............


There were no monsters in sight!

Vanquished Creatures
  Sigmund (D:3)
  An orc warrior (D:3)
  An ogre (D:5)
  A black bear (D:5)
  2 centaurs (D:6)
  3 big kobolds (Sewer)
  3 scorpions
  2 crimson imps
  A hound (D:6)
  An orc priest (D:5)
  An iguana (D:6)
  An orc wizard (D:4)
  A worker ant (D:5)
  3 howler monkey skeletons
  17 adders
  5 river rats
  A shadow imp (D:5)
  6 oozes
  An adder skeleton (D:4)
  5 worms
  4 dart slugs
  3 leopard geckos
  6 orcs
  8 bats
  3 giant cockroaches
  A goblin (D:1)
  3 hobgoblins (D:1)
  3 jackals (D:4)
  9 kobolds
  3 quokkas
  7 ball pythons
  4 frilled lizards
  A jackal skeleton (D:5)
  A jackal zombie (D:6)
  18 rats
131 creatures vanquished.

Notes
Turn   | Place    | Note
-------+----------+-------------------------------------------
     0 | D:1      | Flugkiller the Demonspawn Ice Elementalist began the quest
                  | for the Orb.
     0 | D:1      | Reached XP level 1. HP: 13/13 MP: 3/3
   233 | D:1      | Reached skill level 3 in Ice Magic
   390 | D:1      | Gained mutation: You sometimes gain a little power by
                  | taking damage. [demonic ancestry]
   390 | D:1      | Reached XP level 2. HP: 19/19 MP: 1/5
  1180 | D:2      | Reached XP level 3. HP: 20/24 MP: 3/6
  1183 | D:2      | Reached skill level 4 in Ice Magic
  1369 | D:2      | Reached skill level 1 in Fighting
  1481 | D:2      | Gained mutation: You have a pair of small antennae on your
                  | head. [demonic ancestry]
  1481 | D:2      | Reached XP level 4. HP: 15/32 MP: 3/7
  2187 | D:2      | Learned a level 2 spell: Throw Frost
  2191 | D:2      | Learned a level 3 spell: Ozocubu's Armour
  2245 | D:2      | Reached XP level 5. HP: 40/40 MP: 6/8
  2416 | D:2      | Found a bloodstained altar of Trog.
  2828 | D:3      | Noticed Grinder
  3142 | D:3      | Noticed Sigmund
  3169 | D:3      | Killed Sigmund
  3169 | D:3      | Gained mutation: You sometimes gain power by taking damage.
                  | [demonic ancestry]
  3169 | D:3      | Reached XP level 6. HP: 39/46 MP: 0/10
  3702 | D:4      | Learned a level 4 spell: Throw Icicle
  3863 | D:4      | Reached skill level 5 in Ice Magic
  4630 | D:5      | Entered Level 5 of the Dungeon
  4946 | D:5      | Reached XP level 7. HP: 34/51 MP: 2/12
  5064 | D:5      | Found a glowing drain.
  5072 | Sewer    | Entered a sewer
  5464 | Sewer    | Reached skill level 6 in Ice Magic
  7441 | D:5      | Reached XP level 8. HP: 46/57 MP: 7/14
  7806 | D:5      | Found a staircase to the Ecumenical Temple.
  7841 | Temple   | Entered the Ecumenical Temple
  7864 | Temple   | Became a worshipper of Cheibriados the Contemplative
  8217 | D:5      | Reached skill level 1 in Invocations
  8302 | D:6      | Reached skill level 7 in Ice Magic
  8419 | D:6      | Reached skill level 5 in Conjurations
  8760 | D:6      | HP: 2/58 [something (5)]
  8761 | D:6      | Slain by a sky beast

Levels and vault maps discovered:
D:1:      wander_arrival_peaceful_grave, layout_basic
D:2:      layout_loops_ring, first_ration, serial_bayou_pond_e,
          minmay_misc_feat_square, grunt_ministairs_1, trog_butcher_becter
D:3:      layout_basic, uniq_sigmund, uniq_grinder
D:4:      layout_cave_pods, kennysheep_generic_room_4
D:5:      layout_gridville, minmay_temple_entry_glassed_door,
          lightli_sewer_entry_pipes
D:6:      layout_basic, serial_curves, eino_curves_03, eino_curves_04,
          uniq_menkaure
Temple:   compressed_dpeg_circular_temple

Skill      XL: |  1  2  3  4  5  6  7  8 |
---------------+-------------------------+-----
Ice Magic      | 3 4 5 6 7 |  7.3
Fighting       | 1 2 3 |  3.1
Spellcasting   | 3 4 |  4.0
Conjurations   | 2 3 4 5 |  5.1
Invocations    | 3 |  3.1
Dodging        | |  1.7
Stealth        | |  1.7

Action                   |  1- 3 |  4- 6 |  7- 9 || total
-------------------------+-------+-------+-------++-------
Melee: Unarmed           |    10 |     6 |       ||    16
       Falchion          |       |    43 |    35 ||    78
Throw: Stone             |     4 |     5 |       ||     9
       Dart              |       |       |     2 ||     2
 Cast: Freeze            |    44 |    78 |   106 ||   228
       Throw Frost       |       |     9 |    15 ||    24
       Ozocubu's Armour  |       |       |     4 ||     4
       Throw Icicle      |       |       |     3 ||     3
  Use: Scroll            |       |     5 |     6 ||    11
       Potion            |       |       |     1 ||     1
  Eat: Chunk             |     2 |     9 |     3 ||    14
       Ration            |       |     1 |     3 ||     4
Armor: Robe              |     8 |    22 |    11 ||    41
Dodge: Dodged            |    26 |    75 |    90 ||   191
       Rpst.: Falchion   |       |    17 |    25 ||    42

Table legend:
 A = Non-vault XP
 B = Vault XP
 C = Vault XP percentage of total XP
 D = Non-vault monster count
 E = Vault monster count
 F = Vault count percentage of total count
                 A         B        C        D         E       F
            +---------+---------+-------+---------+---------+-------
      Total |    1437 |     716 |  33.3 |      84 |      47 |  35.9
            +---------+---------+-------+---------+---------+-------
        D:1 |      37 |       0 |   0.0 |      18 |       0 |   0.0
        D:2 |     171 |      11 |   6.0 |      18 |       6 |  25.0
        D:3 |     195 |     205 |  51.2 |      15 |       1 |   6.2
        D:4 |     162 |       0 |   0.0 |      12 |       0 |   0.0
        D:5 |     497 |     111 |  18.3 |      13 |      12 |  48.0
        D:6 |     375 |       0 |   0.0 |       8 |       0 |   0.0
      Sewer |       0 |     389 | 100.0 |       0 |      28 | 100.0
            +---------+---------+-------+---------+---------+-------
